 Dungeon Crawl Stone Soup version 0.23-a0-650-ga4d50d4 (webtiles) character file.

6652 zishaf the Party-goer (level 11, -2/59 HPs)
             Began as a Vine Stalker Assassin on Jan 3, 2019.
             Was an Elder of Uskayaw.
             Incinerated by mmcfall2's ghost (3 damage)
             ... with a sticky flame
             ... on level 8 of the Dungeon.
             The game lasted 00:18:21 (7342 turns).

zishaf the Party-goer (Vine Stalker Assassin)       Turns: 7342, Time: 00:18:22

Health: -2/59      AC:  8    Str: 17    XL:     11   Next: 3%
Magic:  0/18       EV: 15    Int: 11    God:    Uskayaw [****..]
Gold:   909        SH:  0    Dex: 21    Spells: 10/10 levels left

rFire    . . .     SeeInvis .   B - +5 short sword
rCold    . . .     Gourm    .   (no shield)
rNeg     . . .     Faith    .   c - +0 ring mail
rPois    .         Spirit   +   (no helmet)
rElec    .         Reflect  .   d - +0 cloak
rCorr    .         Harm     .   k - +0 pair of gloves
MR       ++...                  (no boots)
Stlth    +.........             O - amulet of magic regeneration
HPRegen  0.59/turn              G - +5 ring of dexterity
MPRegen  0.41/turn              H - ring of protection from magic

@: liquid flames, hasted, glowing, very quick
A: fangs 3, regeneration 1, magic shield, antimagic bite, no potion heal 3, rot
immunity
a: Stomp, Line Pass, Renounce Religion


You were on level 8 of the Dungeon.
You worshipped Uskayaw.
Uskayaw was aware of your devotion.
You were hungry.

You visited 1 branch of the dungeon, and saw 8 of its levels.
You also visited: Sewer and Ossuary.

You collected 909 gold pieces.

Inventory:

Hand Weapons
 a - a +4 short sword of venom
 b - a +1 hunting sling of flaming
 w - a +0 blowgun
 B - a +5 short sword (weapon)
Missiles
 e - 35 poisoned needles
 f - 2 curare-tipped needles
 o - 242 stones (quivered)
Armour
 c - a +0 ring mail (worn)
 d - a +0 cloak (worn)
 k - a +0 pair of gloves (worn)
Jewellery
 t - an uncursed amulet of harm
 G - a +5 ring of dexterity (left hand)
 H - a ring of protection from magic (right hand)
 K - an uncursed ring of positive energy
 O - an amulet of magic regeneration (around neck)
Wands
 m - a wand of random effects (12)
 D - a wand of clouds (3)
 E - a wand of polymorph (6)
 J - a wand of paralysis (4)
Scrolls
 j - 3 scrolls of remove curse {unknown}
 q - 5 scrolls of teleportation
 s - a scroll of brand weapon {unknown}
 u - 2 scrolls of amnesia
 v - 5 scrolls of magic mapping {unknown}
 y - 3 scrolls of immolation {unknown}
 z - a scroll of fear {unknown}
 L - a scroll of enchant weapon {unknown}
 M - a scroll of enchant armour {unknown}
 P - a scroll of acquirement {unknown}
Potions
 h - a potion of ambrosia
 i - a potion of lignification {unknown}
 l - 2 potions of brilliance
 n - a potion of flight
 p - 3 potions of curing
 x - 2 potions of agility
 A - 4 potions of haste
 C - 2 potions of might
 F - a potion of berserk rage
 I - a potion of cancellation {unknown}
 N - a potion of invisibility {unknown}
Miscellaneous
 r - a fan of gales
Comestibles
 g - 21 rations


   Skills:
 + Level 7.7 Fighting
 + Level 7.6 Short Blades
 - Level 2.0 Throwing
 + Level 3.9 Armour
 - Level 5.3 Dodging
 - Level 5.0 Stealth
 * Level 8.3 Invocations


You had 10 spell levels left.
You didn't know any spells.
Your spell library contained the following spells:

 Spells                   Type           Power        Failure   Level  Hunger
 Animate Skeleton         Necr           N/A          52%         1    ##.....
 Apportation              Tloc           #.....       52%         1    ##.....
 Confusing Touch          Hex            #.....       52%         1    ##.....
 Corona                   Hex            #......      52%         1    ##.....
 Summon Small Mammal      Summ           #...         52%         1    ##.....
 Ensorcelled Hibernation  Hex/Ice        #.....       67%         2    ###....
 Confuse                  Hex            #.......     88%         3    ####...
 Dazzling Spray           Conj/Hex       #.....       88%         3    ####...
 Tukima's Dance           Hex            #.......     88%         3    ####...


Dungeon Overview and Level Annotations

Branches:
Dungeon (8/15)             Temple (0/1) D:5            Lair (0/6) D:8

Altars:
Cheibriados
Kikubaaqudgha
Nemelex Xobeh
Ru
Trog
Uskayaw
Wu Jian
Zin
The Shining One
Beogh

Shops:
D:6 *

Annotations:
D:8 mmcfall2's ghost, novice DrFE


Innate Abilities, Weirdness & Mutations

You have razor-sharp teeth.
Your natural rate of healing is unusually fast.
When hurt, damage is shared between your health and your magic reserves.
Your bite disrupts and absorbs the magic of your enemies.
Potions cannot restore your health.
You are immune to rotting.


Message History

* * * LOW HITPOINT WARNING * * *
You feel sick.
You hit mmcfall2's ghost but do no damage.
Mmcfall2's ghost is heavily damaged.
* * * LOW HITPOINT WARNING * * *
You feel sick. Mmcfall2's ghost completely misses you.
Your system rejects the healing.
You feel better.
Mmcfall2's ghost sprays you with burning goo.
The sticky flame hits you!
You are covered in liquid flames!
* * * LOW HITPOINT WARNING * * *
You feel yourself speed up.
You are covered in liquid flames!
* * * LOW HITPOINT WARNING * * *
Mmcfall2's ghost hits you.
* * * LOW HITPOINT WARNING * * *
You are lethally poisoned!
Your system rejects the healing.
You feel better.
You are covered in liquid flames!
You die...

..........#(.....#.#
..........#P.....'.##
..........#⌠.....'..#
..........#P.....'..#
..........#).....#W.#
..........##8....#..#
...........##(P⌠P#..#
........)..#######.##
..........###...@W.#
...#.####.###.######
..##.# #..##..#
..##(###.##^.##
..##.....#..##
........##.#####
...............#########
...[......###..........#
.........##............#


You could see mmcfall2's ghost.

Vanquished Creatures
  5 death yaks (D:8)
  The ghost of porpoise the Magician, a novice GnSk of Okawaru (D:8)
  Grinder (D:3)
  A basilisk (D:8)
  2 yaks (D:8)
  An ice beast (D:8)
  A phantom (D:6)
  An orc warrior (D:8)
  The ghost of ezpacito the Ducker, an amateur DsGl of Okawaru (D:3)
  A centaur (D:7)
  2 ogres
  A crocodile (Sewer)
  Blork the orc (D:5)
  3 bullfrogs
  A scorpion (D:4)
  A wyvern skeleton (D:8)
  2 howler monkeys
  3 crimson imps
  A jelly (D:5)
  Crazy Yiuf (D:3)
  A hound (D:8)
  3 bullfrog skeletons
  2 bullfrog zombies
  A centaur skeleton (D:4)
  4 orc priests
  6 orc wizards
  Jessica (D:3)
  2 iguanas (D:6)
  6 worker ants
  A big kobold zombie (Ossuary)
  8 mummies (Ossuary)
  A worker ant zombie (D:8)
  A howler monkey skeleton (D:7)
  3 gnolls (D:4)
  A river rat (D:6)
  9 adders
  A shadow imp (D:8)
  5 oozes
  An adder skeleton (D:8)
  A worm (D:2)
  A dart slug (D:3)
  3 leopard geckos
  34 orcs
  13 bats
  7 giant cockroaches
  2 gnoll zombies (Ossuary)
  11 goblins
  6 hobgoblins
  12 jackals
  15 kobolds
  3 quokkas
  3 ball pythons
  5 frilled lizards
  A jackal skeleton (D:7)
  A jackal zombie (D:5)
  3 kobold zombies (Ossuary)
  2 orc zombies (Ossuary)
  A quokka skeleton (D:4)
  3 rats
215 creatures vanquished.

Notes
Turn   | Place    | Note
-------+----------+-------------------------------------------
     0 | D:1      | zishaf the Vine Stalker Assassin began the quest for the
                  | Orb.
     0 | D:1      | Reached XP level 1. HP: 11/11 MP: 2/2
   186 | D:1      | Reached skill level 1 in Dodging
   186 | D:1      | Reached XP level 2. HP: 4/15 MP: 3/3
   187 | D:1      | Reached skill level 5 in Stealth
   819 | D:1      | Reached XP level 3. HP: 18/18 MP: 4/4
  1537 | D:2      | Gained mutation: Your natural rate of healing is unusually
                  | fast. [Vine Stalker growth]
  1537 | D:2      | Reached XP level 4. HP: 23/23 MP: 5/5
  1868 | D:2      | Found a faded altar of an unknown god.
  2258 | D:3      | Reached XP level 5. HP: 15/28 MP: 1/6
  2485 | D:3      | Found a runed door.
  2626 | D:3      | Noticed Grinder
  2627 | D:3      | Paralysed by Grinder for 7 turns
  2648 | D:3      | Killed Grinder
  2648 | D:3      | Reached XP level 6. HP: 24/33 MP: 4/7
  2670 | D:3      | Found a runed door.
  2682 | D:3      | Noticed ezpacito's ghost (amateur DsGl)
  2683 | D:3      | Noticed Jessica
  2689 | D:3      | Killed Jessica
  2710 | D:3      | Found a hide-covered altar of Uskayaw.
  2787 | D:3      | Became a worshipper of Uskayaw the Reveler
  2935 | D:3      | Reached * piety under Uskayaw
  2937 | D:3      | Reached XP level 7. HP: 37/37 MP: 6/8
  2937 | D:3      | Reached ** piety under Uskayaw
  2948 | D:3      | Reached *** piety under Uskayaw
  2949 | D:3      | Killed ezpacito's ghost
  3024 | D:3      | Noticed Crazy Yiuf
  3028 | D:3      | Killed Crazy Yiuf
  3107 | D:4      | Reached **** piety under Uskayaw
  3295 | D:4      | Gained mutation: You have razor-sharp teeth. [Vine Stalker
                  | growth]
  3295 | D:4      | Reached XP level 8. HP: 37/42 MP: 9/9
  3553 | D:4      | Reached skill level 5 in Fighting
  3601 | D:4      | Found a sacrificial altar of Ru.
  3630 | D:4      | Found a sparkling altar of Nemelex Xobeh.
  3668 | D:5      | Entered Level 5 of the Dungeon
  3702 | D:5      | Found a staircase to the Ecumenical Temple.
  3711 | D:5      | Reached skill level 5 in Short Blades
  3983 | D:5      | Found a sand-covered staircase.
  3990 | Ossuary  | Entered an ossuary
  4037 | Ossuary  | Reached ***** piety under Uskayaw
  4180 | D:5      | Noticed Blork the orc
  4192 | D:5      | Killed Blork the orc
  4196 | D:5      | Reached skill level 1 in Invocations
  4587 | D:5      | Reached skill level 2 in Invocations
  4777 | D:6      | Found a glowing golden altar of the Shining One.
  4781 | D:6      | Found a runed door.
  4798 | D:6      | Found Noav's General Store.
  4847 | D:6      | Found an ancient bone altar of Kikubaaqudgha.
  4849 | D:6      | Found a bloodstained altar of Trog.
  5037 | D:6      | Reached skill level 5 in Dodging
  5037 | D:6      | Reached XP level 9. HP: 26/48 MP: 7/12
  5055 | D:6      | Found an ornate altar of the Wu Jian Council.
  5073 | D:6      | Reached skill level 3 in Invocations
  5113 | D:6      | Found a glowing drain.
  5117 | Sewer    | Entered a sewer
  5203 | Sewer    | Got a fine quarterstaff
  5720 | D:6      | Found a roughly hewn altar of Beogh.
  5895 | D:7      | Reached skill level 4 in Invocations
  6654 | D:8      | Found a snail-covered altar of Cheibriados.
  6680 | D:8      | Noticed a death yak
  6707 | D:8      | Killed a death yak
  6707 | D:8      | Reached skill level 1 in Armour
  6707 | D:8      | Reached skill level 5 in Invocations
  6720 | D:8      | Found a staircase to the Lair.
  6722 | D:8      | Noticed a death yak
  6722 | D:8      | Noticed a death yak
  6723 | D:8      | Noticed a death yak
  6741 | D:8      | Noticed a death yak
  6760 | D:8      | Killed a death yak
  6760 | D:8      | Reached skill level 6 in Invocations
  6760 | D:8      | Reached XP level 10. HP: 39/53 MP: 13/15
  6770 | D:8      | Killed a death yak
  6783 | D:8      | Killed a death yak
  6783 | D:8      | Reached skill level 7 in Invocations
  6796 | D:8      | Killed a death yak
  7101 | D:8      | Reached skill level 8 in Invocations
  7204 | D:8      | Found a glowing silver altar of Zin.
  7204 | D:8      | Noticed an angel
  7271 | D:8      | Found a runed gate.
  7271 | D:8      | Found a runed gate.
  7271 | D:8      | Found a runed gate.
  7271 | D:8      | Noticed porpoise's ghost (novice GnSk)
  7272 | D:8      | Noticed mmcfall2's ghost (novice DrFE)
  7314 | D:8      | Killed porpoise's ghost
  7314 | D:8      | Reached XP level 11. HP: 44/59 MP: 16/18
  7340 | D:8      | HP: 2/59 [mmcfall2's ghost/sticky flame (2)]
  7342 | D:8      | Incinerated by mmcfall2's ghost

Vault maps used:
D:1:      minmay_arrival_radiant_lines
D:2:      chequers_ecumenical_altar_twisty
D:3:      lemuel_upstairs_altar, lemuel_round_altar, first_ration,
          ebering_ghost_sewer_d, uniq_grinder, uniq_jessica,
          uniq_crazy_yiuf_cottage
D:4:      kennysheep_mini, lemuel_crystal_altar, grunt_ministairs_10,
          kennysheep_decorative_pillar
D:5:      minmay_temple_entry_offerings, nicolae_ossuary_entry_plus,
          uniq_blork_the_orc
D:6:      lemuel_doored_altar, nicolae_overflow_hidden_temple,
          old_standard_altar, serial_shops, nicolae_shop_statue_plus,
          gup_sewer_entry_bowl, serial_park_tiny_1, lightli_church_of_beogh
D:8:      minmay_distorted_concentric_squares, cheibriados_altar_1, zin_angel,
          dpeg_lair_monsters, gammafunk_ghost_cemetery
Sewer:    sewer_the_crocodile
Ossuary:  ossuary_tomb_3

Skill      XL: |  1  2  3  4  5  6  7  8  9 10 |
---------------+-------------------------------+-----
Dodging        | 1 2 3 4 5 |  5.3
Stealth        | 5 |  5.0
Fighting       | 2 3 4 5 6 7 |  7.7
Short Blades   | 2 3 4 5 6 7 |  7.6
Throwing       | 2 |  2.0
Invocations    | 2 6 8 |  8.3
Armour         | 2 3 |  3.9

Action                   |  1- 3 |  4- 6 |  7- 9 | 10-12 || total
-------------------------+-------+-------+-------+-------++-------
Melee: Dagger            |    45 |       |       |       ||    45
       Bite              |    16 |    19 |   123 |    30 ||   188
       Short sword       |    37 |    71 |   313 |    84 ||   505
 Fire: Hunting sling     |       |    55 |     4 |       ||    59
Evoke: Wand              |       |       |     2 |     1 ||     3
  Use: Scroll            |       |       |     9 |     1 ||    10
       Potion            |       |       |     1 |     3 ||     4
 Stab: Sleeping          |     4 |     3 |     9 |     4 ||    20
       Paralysed         |       |       |    12 |     4 ||    16
       Confused          |       |       |     2 |     3 ||     5
       Distracted        |       |       |     1 |       ||     1
  Eat: Chunk             |     2 |     4 |    13 |     1 ||    20
Armor: Robe              |    23 |       |       |       ||    23
       Leather armour    |     2 |    25 |    40 |       ||    67
       Ring mail         |       |       |     1 |     8 ||     9
Dodge: Dodged            |    62 |    54 |   205 |    21 ||   342

Table legend:
 A = Non-vault XP
 B = Vault XP
 C = Vault XP percentage of total XP
 D = Non-vault monster count
 E = Vault monster count
 F = Vault count percentage of total count
                 A         B        C        D         E       F
            +---------+---------+-------+---------+---------+-------
      Total |    2305 |    7199 |  75.7 |     143 |      72 |  33.5
            +---------+---------+-------+---------+---------+-------
        D:1 |      63 |       0 |   0.0 |      34 |       0 |   0.0
        D:2 |      91 |       0 |   0.0 |      22 |       0 |   0.0
        D:3 |      63 |     580 |  90.2 |      21 |       6 |  22.2
        D:4 |     491 |      34 |   6.5 |      23 |       1 |   4.2
        D:5 |     522 |      99 |  15.9 |      20 |       1 |   4.8
        D:6 |     287 |     235 |  45.0 |       6 |      29 |  82.9
        D:7 |     398 |       0 |   0.0 |       9 |       0 |   0.0
        D:8 |     390 |    5955 |  93.9 |       8 |      13 |  61.9
      Sewer |       0 |     116 | 100.0 |       0 |       6 | 100.0
    Ossuary |       0 |     180 | 100.0 |       0 |      16 | 100.0
            +---------+---------+-------+---------+---------+-------
